AoeStats
← NuMa | Gacha

Coastal Forest

503703364Analyzed
2v2 RM · 1mo ago on Sep 1, 2026· 59m 28s· 4 players
Game mode
Random Map
Map size
Medium (4 player)
Population
200
Speed
Normal
Resources
Standard
Victory
Conquest
Starting age
Dark Age
Ending age
Imperial Age
RankedLock teamsTeams togetherTeam positionsShared explorationLock speedFull tech treeHidden civsTurbo modeCheats
Victory
Defeat
🇨🇴 Franks · Colombia
1068
+15
🇺🇸 Mongols · United States
1057
+15
🇨🇿 Franks · Czechia
1047
-15
🇦🇷 Bulgarians · Argentina
1041
-15
Nicanor0089
0:26 Loom
11:20 Feudal Age
15:03 Forging
14:53 Scale Mail Armor
18:26 Double-Bit Axe
22:08 Castle Age
20:22 Horse Collar
21:25 Scale Barding Armor
21:33 Gold Mining
22:52 Bloodlines
24:46 Fletching
24:56 Padded Archer Armor
26:16 Bodkin Arrow
26:38 Leather Archer Armor
28:17 Elite Skirmisher
33:48 Town Watch
49:05 Thumb Ring
Pucmeloun
9:40 Feudal Age
10:34 Double-Bit Axe
14:31 Forging
16:05 Scale Barding Armor
21:07 Castle Age
20:15 Gold Mining
22:54 Iron Casting
22:40 Chain Barding Armor
24:43 Gold Shaft Mining
26:07 Bow Saw
28:48 Wheelbarrow
27:58 Loom
27:59 Town Watch
28:06 Pikeman
28:46 Squires
28:40 Stone Mining
37:32 Elite Skirmisher
42:05 Hand Cart
41:50 Town Patrol
42:31 Husbandry
45:12 Imperial Age
46:08 Cavalier
47:34 Conscription
55:26 Paladin
58:44 Plate Barding Armor
59:10 Blast Furnace
Nortrom Antivirus
3:26 Loom
10:20 Feudal Age
12:45 Wheelbarrow
17:58 Castle Age
17:17 Double-Bit Axe
17:14 Horse Collar
18:44 Fletching
19:43 Bodkin Arrow
19:48 Padded Archer Armor
23:08 Thumb Ring
31:43 Pikeman
37:45 Ballistics
39:38 Squires
39:24 Arson
42:40 Leather Archer Armor
42:27 Scale Mail Armor
47:38 Imperial Age
47:26 Hand Cart
48:28 Chain Mail Armor
49:55 Bracer
51:04 Siege Engineers
54:00 Conscription
55:57 Plate Mail Armor
55:37 Forging
57:50 Chemistry
NuMa | Gacha
6:46 Loom
9:33 Feudal Age
10:08 Double-Bit Axe
27:34 Castle Age
26:36 Gold Mining
27:14 Scale Barding Armor
28:00 Forging
28:22 Husbandry
35:38 Gold Shaft Mining
38:23 Wheelbarrow
38:41 Chain Barding Armor
39:41 Town Watch
42:03 Iron Casting
44:09 Hand Cart
45:10 Stone Mining
50:25 Imperial Age
50:36 Cavalier
52:14 Plate Barding Armor
53:43 Paladin
55:41 Bow Saw
60:40 Blast Furnace
Connection lost

Rejoining the realm…

Still unreachable

The connection could not be restored.

Session expired

The server has moved on; the page needs a fresh start.